 Dungeon Crawl Stone Soup version 0.21-a0-156-g77413b7 (webtiles) character file.

17352 mgis the Carver (level 12, 0/91 HPs)
             Began as a Demonspawn Monk on Aug 3, 2017.
             Was the Champion of Okawaru.
             Slain by a freezing wraith (10 damage)
             ... led by a death knight
             ... on level 12 of the Dungeon.
             The game lasted 00:21:53 (11235 turns).

mgis the Carver (Demonspawn Monk)                  Turns: 11235, Time: 00:21:54

Health: 0/91       AC: 12    Str: 16    XL:     12   Next: 18%
Magic:  25/25      EV: 22    Int: 11    God:    Okawaru [******]
Gold:   682        SH: 13    Dex: 25    Spells: 11/11 levels left

rFire    + . .     SeeInvis .   F - +5 scimitar (flame)
rCold    + . .     Gourm    .   u - +0 buckler
rNeg     . . .     Faith    .   r - +2 leather armour {rPois}
rPois    +         Spirit   .   w - +0 helmet
rElec    +         Reflect  .   j - +2 cloak
rCorr    +         Harm     .   o - +0 pair of gloves {Dex+3}
MR       .....                  E - +0 pair of boots
Stlth    +++.......             k - amulet of regeneration
HPRegen  0.65/turn              y - ring of magical power
MPRegen  0.19/turn              (no ring)

@: agile, resistant, vulnerable, flying
A: talons 1, large bone plates 2, powered by pain 3, spiny 1
a: Heroism, Finesse, Renounce Religion


You were on level 12 of the Dungeon.
You worshipped Okawaru.
Okawaru was exalted by your worship.
You were hungry.

You visited 2 branches of the dungeon, and saw 13 of its levels.

You collected 682 gold pieces.

Inventory:

Hand Weapons
 F - a +5 scimitar of flaming (weapon)
Armour
 j - a +2 cloak (worn)
 o - a +0 pair of gloves of dexterity (worn)
 r - a +2 leather armour of poison resistance (worn)
 u - a +0 buckler (worn)
 w - a +0 helmet (worn)
 E - a +0 pair of boots (worn)
 I - a +0 troll leather armour
Jewellery
 k - an amulet of regeneration (around neck)
 y - a ring of magical power (left hand)
 z - an uncursed amulet of magic regeneration {unknown}
 G - an uncursed ring of poison resistance {unknown}
 J - a cursed amulet of harm {unknown}
Wands
 a - a wand of flame (8/48)
 b - a wand of lightning (5/15)
 s - a wand of enslavement (7/24)
 v - a wand of paralysis (9/24)
 B - a wand of flame (24/48)
 H - a wand of random effects (22/48)
Scrolls
 i - 2 scrolls of amnesia
 m - 5 scrolls of remove curse
 n - 3 scrolls of teleportation
 q - 2 scrolls of blinking
 x - a scroll of fear
Potions
 d - a potion of magic
 e - 5 potions of curing
 g - a potion of lignification
 A - 2 potions of brilliance
 C - a potion of heal wounds
 D - 2 potions of might
Comestibles
 c - 9 bread rations
 h - 4 fruits
 l - a meat ration
 p - 5 royal jellies


   Skills:
 + Level 7.3 Fighting
   Level 2.6(8.7) Short Blades
 * Level 12.5(12.6) Long Blades
 + Level 6.0 Armour
 + Level 5.6 Dodging
 - Level 1.7 Stealth
 + Level 7.7 Shields
 - Level 6.1 Invocations


You had 11 spell levels left.
You didn't know any spells.

Dungeon Overview and Level Annotations

Branches:
Dungeon (12/15)            Temple (1/1) D:7            Lair (0/6) D:8
    Orc (0/2) D:12

Altars:
Ashenzari
Cheibriados
Dithmenos
Elyvilon
Fedhas
Gozag
Hepliaklqana
Kikubaaqudgha
Makhleb
Nemelex Xobeh
Okawaru
Qazlal
Ru
Sif Muna
Trog
Uskayaw
Wu Jian
Xom
Yredelemnul
Zin
The Shining One
Beogh

Shops:
D:8 %


Innate Abilities, Weirdness & Mutations

You have sharp toenails.
You are mostly covered in large bone plates. (SH +6)
You are powered by pain.
You are partially covered in sharp spines.


Message History

You fly downwards.
The orc throws a tomahawk.
The tomahawk closely misses you.
The phantasmal warrior completely misses you.
You block the freezing wraith's attack. The freezing wraith closely misses you.
The phantasmal warrior hits you!!
* * * LOW HITPOINT WARNING * * *
The orc throws a tomahawk.
The tomahawk closely misses you. The phantasmal warrior misses you.
You riposte.
You hit the phantasmal warrior. You burn the phantasmal warrior.
The phantasmal warrior is lightly damaged.
You block the freezing wraith's attack.
The freezing wraith hits you but does no damage.
There is a stone staircase leading up, spattered with blood here.
You see here 2 tomahawks.
Unknown command.
Unknown command.
The freezing wraith is struck by your spines.
The freezing wraith hits you!
* * * LOW HITPOINT WARNING * * *
The freezing wraith freezes you! You resist.
You die...

#...##...#
##...##...#######
#....#..........#
#....#..........#
#....#....#########
#....#....# .....>.
##...#....# .......
##.WW#....# ..⌠.._.
#..W@#....# .......
#..[W##...# .....8.
#o..)##...##8'8####
#.....§)..(W)......
#.........)#)...#..
#..........#§...#
#..........#....#
#........).#....#
#....########...#


You could see 2 phantasmal warriors, 2 freezing wraiths and an orc.

Vanquished Creatures
  Erolcha (D:9)
  Erica (D:8)
  A two-headed ogre (D:10)
  4 skeletal warriors (D:11)
  3 unseen horrors (D:11)
  A manticore (D:9)
  An ugly thing (D:11)
  Maurice (D:9)
  4 centaur skeletons
  3 trolls
  Prince Ribbit (D:7)
  2 hornets
  2 hippogriffs
  A wyvern (D:10)
  9 yaks
  A hungry ghost (D:9)
  Grum (D:8)
  2 wargs (D:8)
  A water moccasin (D:6)
  5 phantoms
  6 orc warriors
  An eye of draining (D:10)
  A black bear (D:10)
  3 ice beasts
  A sky beast (D:7)
  A necrophage (D:7)
  6 ogres
  A centaur (D:6)
  2 wolves (D:8)
  A big kobold (D:10)
  7 bullfrogs
  A gnoll sergeant (D:10)
  3 scorpions
  7 killer bees (D:7)
  8 wights
  12 howler monkeys
  5 crimson imps
  A bullfrog zombie (D:6)
  5 hounds
  2 jellies
  2 centaur zombies
  4 orc priests
  2 bullfrog skeletons
  A gnoll shaman (D:10)
  8 orc wizards
  Jessica (D:3)
  Ijyb (D:5)
  2 iguanas
  Natasha (thrice) (D:4)
  5 worker ants
  A hound zombie (D:8)
  8 adders
  12 gnolls
  2 shadow imps
  3 oozes
  An adder zombie (D:7)
  6 worms
  3 dart slugs
  6 leopard geckos
  54 orcs
  3 giant cockroaches
  6 goblins
  6 hobgoblins
  8 jackals
  3 quokkas
  A ball python (D:4)
  4 bats
  2 frilled lizards
  10 kobolds
  A quokka skeleton (D:4)
  3 rats
291 creatures vanquished.

Notes
Turn   | Place    | Note
-------+----------+-------------------------------------------
     0 | D:1      | mgis the Demonspawn Monk began the quest for the Orb.
     0 | D:1      | Reached XP level 1. HP: 18/18 MP: 1/1
   114 | D:1      | Reached skill level 3 in Long Blades
   245 | D:1      | Gained mutation: You have sharp toenails. [demonic ancestry]
   245 | D:1      | Reached XP level 2. HP: 24/24 MP: 2/2
   674 | D:1      | Reached XP level 3. HP: 26/29 MP: 3/3
   886 | D:2      | Found a sparkling altar of Nemelex Xobeh.
  1135 | D:2      | Reached XP level 4. HP: 33/35 MP: 4/4
  1185 | D:2      | Found a deep blue altar of Sif Muna.
  1569 | D:3      | Noticed Jessica
  1578 | D:3      | Killed Jessica
  1578 | D:3      | Reached skill level 1 in Short Blades
  1654 | D:3      | Reached skill level 1 in Armour
  1791 | D:3      | Found a basalt altar of Yredelemnul.
  2115 | D:4      | Gained mutation: You are partially covered in large bone plates. (SH +4) [demonic ancestry]
  2115 | D:4      | Reached XP level 5. HP: 42/42 MP: 5/5
  2851 | D:4      | Noticed Natasha
  2858 | D:4      | Killed Natasha
  2858 | D:4      | Reached skill level 4 in Long Blades
  2858 | D:4      | Gained mutation: You are mostly covered in large bone plates. (SH +6) [demonic ancestry]
  2858 | D:4      | Reached XP level 6. HP: 43/48 MP: 6/6
  3207 | D:4      | Noticed Natasha
  3220 | D:4      | Killed Natasha
  3663 | D:4      | Noticed Natasha
  3666 | D:4      | Killed Natasha
  3807 | D:5      | Entered Level 5 of the Dungeon
  3848 | D:5      | Noticed Ijyb
  3863 | D:5      | Killed Ijyb
  4011 | D:5      | Found a stormy altar of Qazlal.
  4011 | D:5      | Found a shadowy altar of Dithmenos.
  4318 | D:5      | Reached skill level 1 in Shields
  4507 | D:5      | Reached XP level 7. HP: 50/54 MP: 7/7
  4644 | D:6      | Found an ancient bone altar of Kikubaaqudgha.
  4645 | D:6      | Found a blossoming altar of Fedhas.
  4817 | D:6      | Reached skill level 5 in Shields
  4892 | D:6      | Gained mutation: You sometimes gain a little power by taking damage. [demonic ancestry]
  4892 | D:6      | Reached XP level 8. HP: 55/60 MP: 8/8
  5233 | D:6      | Found a burning altar of Makhleb.
  5233 | D:6      | Noticed a balrug
  5262 | D:6      | Reached skill level 5 in Long Blades
  5390 | D:7      | Found a basalt altar of Yredelemnul.
  5643 | D:7      | Found a staircase to the Ecumenical Temple.
  5720 | Temple   | Entered the Ecumenical Temple
  5750 | Temple   | Became a worshipper of Warmaster Okawaru
  5750 | Temple   | Reached * piety under Okawaru
  5750 | Temple   | Reached ** piety under Okawaru
  5976 | D:7      | Reached skill level 6 in Long Blades
  5984 | D:7      | Reached skill level 1 in Invocations
  6055 | D:7      | Gained mutation: You sometimes gain power by taking damage. [demonic ancestry]
  6055 | D:7      | Reached XP level 9. HP: 66/66 MP: 9/9
  6434 | D:7      | Noticed Prince Ribbit
  6444 | D:7      | Killed Prince Ribbit
  6686 | D:8      | Noticed Grum
  6688 | D:8      | Got an ancient scale mail
  6707 | D:8      | Reached skill level 5 in Fighting
  6707 | D:8      | Reached skill level 7 in Long Blades
  6720 | D:8      | Killed Grum
  6731 | D:8      | Found Iceguol's Food Shop.
  6737 | D:8      | Reached skill level 5 in Armour
  6922 | D:8      | Reached *** piety under Okawaru
  6970 | D:8      | Noticed Erica
  6983 | D:8      | Killed Erica
  6983 | D:8      | Reached skill level 8 in Long Blades
  7034 | D:8      | Gained mutation: You are partially covered in sharp spines. [demonic ancestry]
  7034 | D:8      | Reached XP level 10. HP: 66/74 MP: 13/13
  7060 | D:8      | Reached **** piety under Okawaru
  7166 | D:8      | Found a staircase to the Lair.
  7204 | D:8      | Found a shattered altar of Ashenzari.
  7395 | D:9      | Identified the +1 scale mail of Dogmatism {*Contam +Blink MR+ Int+4} (You found it on level 8 of the Dungeon)
  7477 | D:9      | Noticed a manticore
  7487 | D:9      | Killed a manticore
  7666 | D:9      | Noticed Erolcha
  7680 | D:9      | Killed Erolcha
  7680 | D:9      | Reached skill level 9 in Long Blades
  7778 | D:9      | Reached skill level 5 in Invocations
  7888 | D:9      | Found a sacrificial altar of Ru.
  7897 | D:9      | Found a shimmering altar of Xom.
  7960 | D:9      | Reached ***** piety under Okawaru
  8117 | D:9      | Noticed Maurice
  8139 | D:9      | Killed Maurice
  8431 | D:10     | Entered Level 10 of the Dungeon
  8431 | D:10     | Noticed a two-headed ogre
  8438 | D:10     | Killed a two-headed ogre
  8487 | D:10     | Reached skill level 10 in Long Blades
  8665 | D:10     | Found a deep blue altar of Sif Muna.
  8748 | D:10     | Reached XP level 11. HP: 75/81 MP: 15/15
  9008 | D:10     | Received a gift from Okawaru
  9152 | D:10     | Reached skill level 5 in Dodging
  9517 | D:11     | Noticed a skeletal warrior
  9517 | D:11     | Noticed a skeletal warrior
  9517 | D:11     | Noticed a skeletal warrior
  9545 | D:11     | Killed a skeletal warrior
  9545 | D:11     | Received a gift from Okawaru
  9557 | D:11     | Killed a skeletal warrior
  9574 | D:11     | Killed a skeletal warrior
  9633 | D:11     | Noticed a skeletal warrior
  9643 | D:11     | Killed a skeletal warrior
  9643 | D:11     | Reached skill level 11 in Long Blades
  9648 | D:11     | Killed an unseen horror
  9879 | D:11     | Noticed a red ugly thing
  9889 | D:11     | HP: 3/83 [red ugly thing (14)]
  9891 | D:11     | Killed a red ugly thing
  9898 | D:11     | Killed an unseen horror
 10032 | D:11     | Found a sacrificial altar of Ru.
 10064 | D:11     | Killed an unseen horror
 10064 | D:11     | Reached skill level 12 in Long Blades
 10650 | D:11     | Gained mutation: You are powered by pain. [demonic ancestry]
 10650 | D:11     | Reached XP level 12. HP: 83/91 MP: 16/16
 10830 | D:11     | Reached ****** piety under Okawaru
 11184 | D:12     | Found a roughly hewn altar of Beogh.
 11184 | D:12     | Found a staircase to the Orcish Mines.
 11235 | D:12     | Slain by a freezing wraith

Vault maps used:
D:1:      dpeg_arrival_arbitrary_c
D:2:      lemuel_blue_sif_altar, lemuel_round_altar, kennysheep_nub
D:3:      nicolae_overflow_hidden_temple, uniq_jessica
D:4:      first_bread, uniq_natasha
D:5:      gammafunk_temple_overflow_statue, uniq_ijyb
D:6:      grunt_temple_overflow_growth_and_decay, makhleb_altar_promises_db
D:7:      minmay_temple_entry_poolview, basic_altar, uniq_prince_ribbit1
D:8:      kennysheep_little_box, erik_lair_orcish_takeover, serial_shops,
          kennysheep_mini, uniq_grum, uniq_erica
D:9:      amethyst_overflow_temple_binary, uniq_erolcha, uniq_maurice
D:10:     basic_altar, the_bakery, minmay_misc_feat_secret_circle,
          hangedman_decor_points
D:11:     nicolae_ru_awakened_eye
D:12:     david_orc_5, serial_shops, nicolae_shop_behind_doors
Temple:   minmay_temple_bridge_abc

Skill      XL: |  1  2  3  4  5  6  7  8  9 10 11 |
---------------+----------------------------------+-----
Long Blades    | 3 4 6 8 10 12 | 12.5
Dodging        | 3 4 5 |  5.6
Short Blades   | 1 2 |  2.6
Armour         | 1 2 4 5 6 |  6.0
Fighting       | 4 5 6 7 |  7.3
Shields        | 2 5 6 7 |  7.7
Invocations    | 1 4 5 6 |  6.1
Stealth        | |  1.7

Action                   |  1- 3 |  4- 6 |  7- 9 | 10-12 || total
-------------------------+-------+-------+-------+-------++-------
Melee: Falchion          |    35 |       |       |       ||    35
       Dagger            |    79 |   194 |    80 |       ||   353
       Kick              |    18 |    55 |    89 |    19 ||   181
       Long sword        |       |       |   198 |       ||   198
       Scimitar          |       |       |     5 |   450 ||   455
Invok: Heroism           |       |       |     1 |     1 ||     2
Evoke: Wand              |       |       |     8 |     1 ||     9
  Use: Scroll            |       |    12 |     5 |     8 ||    25
       Potion            |       |       |     4 |     6 ||    10
 Stab: Paralysed         |       |       |     8 |       ||     8
       Sleeping          |       |       |       |     3 ||     3
  Eat: Chunk             |     1 |     5 |     5 |     4 ||    15
       Meat ration       |       |     1 |     1 |     1 ||     3
       Royal jelly       |       |       |       |     2 ||     2
Armor: Scale mail        |    34 |    55 |    37 |     4 ||   130
       Robe              |     7 |       |       |       ||     7
       Skin              |       |       |    17 |       ||    17
       Leather armour    |       |       |       |    68 ||    68
Dodge: Dodged            |    66 |    75 |   115 |   197 ||   453
Block: Other             |       |    24 |     9 |       ||    33
       Buckler           |       |       |   119 |   245 ||   364
       Rpst.: Falchion   |     6 |       |       |       ||     6
       Long sword        |       |       |    24 |       ||    24
       Scimitar          |       |       |     1 |    55 ||    56
